[Event "Kragero Resort ELO 2024"]
[Site "Kragero"]
[Date "2024.02.25"]
[Round "9.24"]
[White "Jullum, Hege Ibsen"]
[Black "Holten, Terje"]
[Result "0-1"]
[ECO "A34"]
[WhiteElo "1128"]
[BlackElo "1313"]
[Annotator "NA"]
[PlyCount "54"]
[EventDate "2024.02.21"]
[EventType "swiss"]
[EventCountry "NOR"]
[SourceTitle "playchess.com"]
[Source "ChessBase"]
[SourceQuality "1"]
[TimeControl "5400+30"]

1. Nf3 c5 2. c4 Nc6 3. g3 Nf6 4. Bg2 d6 5. Nc3 e5 6. O-O Be7 7. b3 O-O 8. Bb2 Rb8 9. e3 Bg4 10. d3 Re8 11. Qd2 h6 12. Rad1 Qc8 13. h3 Bxh3 14. Nh2 Nh7 15. f4 Bxg2 16. Qxg2 Bf6 17. Nd5 Qd8 18. Ng4 Nb4 19. fxe5 Nxd5 20. Qxd5 dxe5 21. Nxf6+ Nxf6 22. Qxc5 b6 23. Qb4 Ng4 24. Rfe1 Qf6 25. Rd2 Qf3 26. Ree2 Qxg3+ 27. Rg2 Qe1# 0-1